 Dungeon Crawl Stone Soup version 0.32-a0-799-g95e1662365 (webtiles) character file.

Game seed: 7979712064699962819

45 whatisthis the Gusty (level 3, -4/19 HPs)
             Began as a Deep Elf Air Elementalist on Mar 21, 2024.
             Killed by divine providence
             ... invoked by an orc priest
              (13 damage)
             ... on level 2 of the Dungeon.
             The game lasted 00:02:45 (1058 turns).

whatisthis the Gusty (Deep Elf Air Elementalist)    Turns: 1058, Time: 00:02:45

Health: -4/19      AC:  2    Str:  5    XL:     3   Next: 42%
Magic:  5/10       EV: 11    Int: 21    God:
Gold:   17         SH:  0    Dex: 15    Spells: 3/9 levels left

rFire   . . .        i - +2 short sword (vamp)
rCold   . . .        (no shield)
rNeg    . . .        a - +0 robe
rPois   .            (no helmet)
rElec   .            (no cloak)
rCorr   .            (no gloves)
SInv    .            (no boots)
Will    .....        (no amulet)
Stlth   ++           g - ring of wizardry
HPRegen 0.23/turn    (no ring)
MPRegen 0.12/turn

%: wizardry (x1)
@: no status effects
A: no striking features
a: Convert to Beogh


You were on level 2 of the Dungeon.
You visited 1 branch of the dungeon, and saw 2 of its levels.

You collected 17 gold pieces.

Inventory:

Hand Weapons
 i - a +2 vampiric short sword (weapon)
Armour
 a - a +0 robe (worn)
 h - a +0 kite shield
Jewellery
 g - a ring of wizardry (left hand)
Scrolls
 c - a scroll of fog {unknown}
 d - 2 scrolls of identify {unknown}
 e - a scroll of teleportation {unknown}
 f - a scroll of noise {unknown}
Potions
 b - a potion of magic


   Skills:
 - Level 2.4 Dodging
 + Level 3.2 Stealth
 + Level 3.7 Spellcasting
 + Level 2.0 Conjurations
 + Level 3.7 Air Magic


You had 3 spell levels left.
You knew the following spells:

 Your Spells              Type           Power      Damage    Failure   Level
a - Shock                 Conj/Air       64%        1d7       1%          1
b - Static Discharge      Conj/Air       32%        3-5/arc   2%          2
c - Swiftness             Air            19%        N/A       3%          3

Your spell library contained the following spells:

 Spells                   Type           Power      Damage    Failure   Level
 Airstrike                Air            9%         2d(2-18)  11%         4


Dungeon Overview and Level Annotations

Branches:
Dungeon (2/15)

Altars:


Message History

The zap hits the ribbon worm.
The ribbon worm is moderately wounded.
Unknown command.
Aiming: Shock (safe; 1% risk of failure)
Press: ? - help, Q - select action, (/) - cycle Shift-Dir - straight line, f/p - ribbon worm
Aim: a ribbon worm (lightly wounded, 90% to hit)
The zap hits the ribbon worm.
The ribbon worm is moderately wounded.
The orc shouts!
Aiming: Shock (safe; 1% risk of failure)
Press: ? - help, Q - select action, (/) - cycle Shift-Dir - straight line, f/p - ribbon worm
Aim: a ribbon worm (moderately wounded, 90% to hit)
The zap hits the ribbon worm.
The ribbon worm is heavily wounded.
An orc priest comes into view. It is wielding a +0 hand axe.
Aiming: Shock (safe; 1% risk of failure)
Press: ? - help, Q - select action, (/) - cycle Shift-Dir - straight line, f/p - ribbon worm
Aim: a ribbon worm (heavily wounded, 90% to hit)
The zap hits the ribbon worm.
The ribbon worm is severely wounded.
The ribbon worm expels a string of sticky webbing.
The stream of webbing hits you but does no damage.
You are caught in a web!
You struggle to detach yourself from the web.
The web tears apart.
The ribbon worm expels a string of sticky webbing.
The stream of webbing hits you but does no damage.
You are caught in a web!
The orc priest invokes the aid of Beogh against you.
Pain shoots through your body!
Ouch! That really hurt!
The orc priest shouts, "The Pantheon deserves no one's loyalty.
Let us show you the true path!" (press Y on the ability menu to convert to Beogh)
There is a web here.
You struggle to detach yourself from the web.
The web tears apart.
The orc priest invokes the aid of Beogh against you.
Beogh smites you!
Ouch! That really hurt!
You die...

. ..# . #.# # #.# # #.# #
#.# ###### ####.#
.....#####....### ####.
###....).)......###......
.....#####.####.@.ow#
####.# #.# ###.#....).
#.# #.# #....ß...
#.#####.# ##.......
#..)....# ..o....
..........# .......
#######...# #..ß...
#..... ..... ##..#.#


You could see a ribbon worm (catching breath), an orc priest and an orc.

Vanquished Creatures
  A gnoll (D:1)
  An orc (D:2)
  3 ball pythons
  An endoplasm (D:1)
  5 goblins
  3 hobgoblins (D:1)
  3 jackals (D:1)
  6 kobolds
  6 bats (D:1)
  A frilled lizard (D:1)
  3 rats (D:1)
33 creatures vanquished.

Notes
Turn   | Place    | Note
-------+----------+-------------------------------------------
     0 | D:1      | whatisthis the Deep Elf Air Elementalist began the quest
                  | for the Orb.
     0 | D:1      | Reached XP level 1. HP: 10/10 MP: 6/6
   312 | D:1      | Reached XP level 2. HP: 15/15 MP: 6/8
   472 | D:1      | Learned a level 2 spell: Static Discharge
   591 | D:1      | Reached XP level 3. HP: 19/19 MP: 7/10
   768 | D:1      | Learned a level 3 spell: Swiftness
  1058 | D:2      | Killed from afar by an orc priest

Illustrated notes

Levels and vault maps discovered:
D:1:      dpeg_arrival_round_c, layout_rooms, dk_noncrumbling_4
D:2:      cheibrodos_pilgrimage, layout_loops_ring, basic_altar,
          item_on_display_a, uniq_sigmund

Skill      XL: |  1  2  3 |
---------------+----------+-----
Stealth        | 3 |  3.2
Conjurations   | 2 |  2.0
Dodging        | |  2.4
Spellcasting   | |  3.7
Air Magic      | |  3.7

Action                     || total
---------------------------++-------
   Cast: Shock             ||    55
         Static Discharge  ||     1
 Armour: Robe              ||     4
  Dodge: Dodged            ||     5

Table legend: (Time is in decaauts)
 A = Elapsed time spent in this place.
 B = Non-inter-level travel time spent in this place.
 C = Inter-level travel time spent in this place.
 D = Time resting spent in this place.
 E = Time spent auto-exploring this place.
 F = Levels seen in this place.
 G = Mean time per level.
                   A        B        C        D        E       F      G
               +--------+--------+--------+--------+--------+-----+--------+
         Total |   1056 |   1054 |      2 |    169 |    631 |   2 |  528.0 |
       Dungeon |   1056 |   1054 |      2 |    169 |    631 |   2 |  528.0 |
               +--------+--------+--------+--------+--------+-----+--------+

Top non-repeatable levels by time:
     D:1: 909 daAuts
     D:2: 146 daAuts
